 Dungeon Crawl Stone Soup version 0.22.1-6-g1668fe2 (webtiles) character file.

6012 doot the Gouger (level 10, -9/64 HPs)
             Began as a Felid Berserker on Jan 24, 2019.
             Was a High Priest of Trog.
             Mangled by a red ugly thing (16 damage)
             ... on level 11 of the Dungeon.
             The game lasted 00:26:24 (12426 turns).

doot the Gouger (Felid Berserker)                  Turns: 12426, Time: 00:26:25

Health: -9/64      AC:  2    Str: 21    XL:     10   Next: 56%
Magic:  11/11      EV: 25    Int: 10    God:    Trog [*****.]
Gold:   218        SH:  0    Dex: 15    Spells: 9/9 levels left
                                        Lives:  0   Deaths: 3

rFire    + . .     SeeInvis +     - Unarmed
rCold    . . .     Gourm    .   (shield unavailable)
rNeg     + + .     Faith    +   (armour unavailable)
rPois    .         Spirit   .   (helmet unavailable)
rElec    .         Reflect  .   (cloak unavailable)
rCorr    .         Harm     .   (gloves unavailable)
MR       +....     Rnd*Tele +   (boots unavailable)
Stlth    ..........             t - amulet of faith
HPRegen  0.20/turn              w - ring of protection from fire
MPRegen  0.12/turn              D - ring of Xoikec {*Tele rN++}

@: berserking (expiring), very quick
A: very small, no armour, no weapons or thrown items, stealth, claws 1, fangs 3,
see invisible, carnivore, speed 1, shaggy fur 2, slow metabolism 1, sharp paws
a: Berserk, Trog's Hand, Brothers in Arms, Renounce Religion


You were on level 11 of the Dungeon.
You worshipped Trog.
Trog was extremely pleased with you.
You were not hungry.

You visited 3 branches of the dungeon, and saw 13 of its levels.

You collected 593 gold pieces.
You spent 375 gold pieces at shops.

Inventory:

Jewellery
 e - an uncursed amulet of guardian spirit
 t - an amulet of faith (around neck)
 w - a ring of protection from fire (left paw)
 y - an uncursed ring of resist corrosion
 C - an uncursed ring of ice
 D - the ring of Xoikec (right paw) {*Tele rN++}
   (You bought it in a shop on level 10 of the Dungeon)

   [ring of teleportation]

   It may teleport you next to monsters.
   It greatly protects you from negative energy.
Wands
 d - a wand of scattershot (8)
 r - a wand of flame (40)
 v - a wand of polymorph (22)
 B - a wand of random effects (23)
Scrolls
 c - 14 scrolls of identify
 f - 2 scrolls of amnesia {unknown}
 g - 5 scrolls of remove curse {unknown}
 h - 3 scrolls of fear {unknown}
 j - 4 scrolls of teleportation {unknown}
 k - 2 scrolls of fog {unknown}
 l - 2 scrolls of enchant armour {unknown}
 m - a scroll of random uselessness {unknown}
 q - a scroll of blinking {unknown}
 s - 2 scrolls of immolation {unknown}
 x - a scroll of magic mapping {unknown}
Potions
 b - a potion of heal wounds {unknown}
 i - 4 potions of lignification
 n - 3 potions of haste {unknown}
 o - 4 potions of curing
 p - 2 potions of resistance {unknown}
 u - 2 potions of flight {unknown}
 z - a potion of agility {unknown}
 A - a potion of cancellation {unknown}
Comestibles
 a - 26 rations


   Skills:
 + Level 4.9 Fighting
 + Level 9.9 Dodging
 + Level 11.5 Stealth
 + Level 13.5 Unarmed Combat


You had 9 spell levels left.
You didn't know any spells.
Your spell library contained the following spells:

 Spells                   Type           Power        Failure   Level  Hunger
 Freeze                   Ice            #...         36%         1    ##.....
 Sandblast                Erth           #.....       36%         1    ##.....
 Summon Small Mammal      Summ           #...         36%         1    ##.....
 Call Imp                 Summ           #.......     50%         2    ###....
 Passwall                 Tmut/Erth      #.......     50%         2    ###....
 Throw Frost              Conj/Ice       #.....       50%         2    ###....
 Call Canine Familiar     Summ           #.......     75%         3    ####...
 Ozocubu's Armour         Chrm/Ice       #.......     75%         3    ####...
 Stone Arrow              Conj/Erth      #.....       75%         3    ####...
 Summon Guardian Golem    Hex/Summ       #.......     75%         3    ####...
 Petrify                  Tmut/Erth      #.......     98%         4    #####..
 Summon Ice Beast         Ice/Summ       #.......     98%         4    #####..
 Summon Lightning Spire   Summ/Air       #.......     98%         4    #####..
 Throw Icicle             Conj/Ice       #.......     98%         4    #####..
 Lee's Rapid Deconstruct  Erth           #.........   100%        5    ######.


Dungeon Overview and Level Annotations

Branches:
Dungeon (11/15)            Temple (1/1) D:4             Orc (1/2) D:9
   Lair: D:8-11

Altars:
Ashenzari
Dithmenos
Elyvilon
Fedhas
Gozag
Hepliaklqana
Kikubaaqudgha
Makhleb
Nemelex Xobeh
Okawaru
Qazlal
Ru
Trog
Uskayaw
Vehumet
Wu Jian
Xom
Yredelemnul
Zin
The Shining One

Shops:
D:10 ((=

Annotations:
D:11 Erica


Innate Abilities, Weirdness & Mutations

You cannot wear armour.
You are incapable of wielding weapons or throwing items.
Your paws allow you to move quietly. (Stealth)
You have sharp claws.
You have razor-sharp teeth.
You have supernaturally acute eyesight. (SInv)
You are carnivorous and can eat meat at any time.
You cover ground quickly.
You are covered in thick fur. (AC +2)
You have a slow metabolism.
Your sharp claws are effective at attacking unaware monsters.


Message History

You are engulfed in flames!
You resist.
* * * LOW HITPOINT WARNING * * *
You claw the red ugly thing! You bite the red ugly thing!
The red ugly thing is moderately wounded.
You mangle the red ugly thing!! Your claw misses the red ugly thing.
The red ugly thing is heavily wounded.
The red ugly thing misses you.
You closely miss the red ugly thing.
The red ugly thing is heavily wounded.
You closely miss the red ugly thing. You claw the red ugly thing!
The red ugly thing is severely wounded.
A cyclops comes into view.
The red ugly thing closely misses you.
The cyclops shouts!
You scratch the red ugly thing. You bite the red ugly thing.
The red ugly thing is almost dead.
You barely miss the red ugly thing.
The red ugly thing is almost dead.
The red ugly thing stings you!
You die...

########### #..........
#.......... #..........
#..u.....C. #.@........
#.......... ###...#######
. #.....[....# .
#..........# .
#..........# .
####....############# #
......................####
.[........................


You could see a red ugly thing and a cyclops.

Vanquished Creatures
  Josephine (D:11)
  Fannar (D:10)
  A two-headed ogre (D:10)
  An orb spider (shapeshifter) (D:10)
  A hornet (D:9)
  Sigmund (D:6)
  A wyvern (D:10)
  3 wraiths (D:11)
  6 yaks
  A hungry ghost (D:11)
  Menkaure (D:4)
  Edmund (D:4)
  6 orc warriors
  A water moccasin (D:6)
  4 ice beasts
  A black bear (D:9)
  An ogre (D:11)
  A phantom (D:7)
  3 centaurs
  A big kobold (D:10)
  5 bullfrogs
  2 scorpions
  4 killer bees (D:10)
  A howler monkey (D:4)
  10 crimson imps
  2 centaur zombies
  A bullfrog zombie (D:9)
  6 hounds
  2 quasits (D:8)
  A bullfrog skeleton (D:5)
  4 jellies (D:8)
  Crazy Yiuf (D:3)
  A gnoll shaman (D:6)
  7 orc priests
  2 centaur skeletons
  Ijyb (D:5)
  2 iguanas
  11 orc wizards
  5 worker ants
  2 hound skeletons
  2 worker ant zombies
  13 adders
  15 gnolls
  A howler monkey skeleton (D:9)
  4 shadow imps
  7 oozes
  An adder zombie (D:10)
  A worm (D:2)
  A dart slug (D:1)
  6 leopard geckos
  27 orcs
  4 giant cockroaches
  5 hobgoblins
  12 jackals
  6 kobolds
  3 quokkas
  3 ball pythons
  3 bats
  4 frilled lizards
  4 goblins
  A spectral orc (D:3)
  A fungus (D:3)
231 creatures vanquished.

Vanquished Creatures (collateral kills)
  2 trolls (D:10)
  A hippogriff (D:10)
  An orc warrior (D:11)
  A black bear (D:10)
  An ogre (D:10)
  6 killer bees
  An orc wizard (D:11)
  A worker ant (D:10)
14 creatures vanquished.

Vanquished Creatures (others)
  A leopard gecko (D:10)
1 creature vanquished.

Grand Total: 246 creatures vanquished

Notes
Turn   | Place    | Note
-------+----------+-------------------------------------------
     0 | D:1      | doot the Felid Berserker began the quest for the Orb.
     0 | D:1      | Reached XP level 1. HP: 10/10 MP: 2/2
    40 | D:2      | Reached XP level 2. HP: 14/14 MP: 3/3
   130 | D:2      | Found an opulent altar of Gozag.
   529 | D:2      | Reached XP level 3. HP: 17/17 MP: 4/4
   696 | D:2      | Reached ** piety under Trog
   856 | D:3      | Reached skill level 1 in Stealth
  1049 | D:3      | Reached XP level 4. HP: 21/21 MP: 5/5
  1107 | D:3      | Reached skill level 5 in Dodging
  1107 | D:3      | Reached skill level 4 in Unarmed Combat
  1199 | D:3      | Found a runed door.
  1203 | D:3      | Noticed Crazy Yiuf
  1207 | D:3      | Killed Crazy Yiuf
  1308 | D:3      | Found an ornate altar of the Wu Jian Council.
  1377 | D:3      | Reached XP level 5. HP: 23/24 MP: 6/6
  1545 | D:3      | Found a white marble altar of Elyvilon.
  1576 | D:3      | Found a basalt altar of Yredelemnul.
  1914 | D:4      | Reached skill level 5 in Unarmed Combat
  1972 | D:4      | Gained mutation: You are covered in thick fur. (AC +2)
                  | [Felid growth]
  1972 | D:4      | Reached XP level 6. HP: 28/28 MP: 7/7
  2136 | D:4      | Noticed Menkaure
  2150 | D:4      | Killed Menkaure
  2150 | D:4      | Reached skill level 6 in Unarmed Combat
  2150 | D:4      | Reached XP level 7. HP: 31/31 MP: 8/8
  2232 | D:4      | Found a staircase to the Ecumenical Temple.
  2237 | Temple   | Entered the Ecumenical Temple
  2527 | D:4      | Noticed Edmund
  2554 | D:4      | HP: 2/46 [Edmund/flail of crushing (11)]
  2554 | D:4      | Slain by Edmund
  2555 | D:4      | Reached XP level 6. HP: 0/42 MP: 7/7
  2566 | D:4      | Killed Edmund
  2770 | D:4      | Reached *** piety under Trog
  2929 | D:5      | Entered Level 5 of the Dungeon
  3166 | D:5      | Found a blossoming altar of Fedhas.
  3186 | D:5      | Reached skill level 7 in Unarmed Combat
  3186 | D:5      | Reached XP level 7. HP: 30/31 MP: 8/8
  3540 | D:5      | Noticed Ijyb
  3544 | D:5      | Killed Ijyb
  3575 | D:5      | Reached skill level 5 in Stealth
  3896 | D:5      | Found a sparkling altar of Nemelex Xobeh.
  3940 | D:5      | You fall through a shaft!
  4002 | D:6      | Noticed Sigmund
  4036 | D:6      | Killed Sigmund
  4036 | D:6      | Reached skill level 8 in Unarmed Combat
  4036 | D:6      | Reached XP level 8. HP: 36/36 MP: 9/9
  4134 | D:6      | Found a shadowy altar of Dithmenos.
  4328 | D:6      | Reached **** piety under Trog
  4334 | D:6      | Reached skill level 9 in Unarmed Combat
  4729 | D:7      | Found an ancient bone altar of Kikubaaqudgha.
  6461 | D:8      | Found an iron altar of Okawaru.
  6522 | D:8      | Reached XP level 9. HP: 32/39 MP: 10/10
  6861 | D:8      | Reached skill level 10 in Unarmed Combat
  6969 | D:8      | Found a glowing golden altar of the Shining One.
  7531 | D:8      | Found a bloodstained altar of Trog.
  7687 | D:9      | Found a staircase to the Orcish Mines.
  7714 | D:10     | Entered Level 10 of the Dungeon
  7719 | D:10     | Noticed an orb spider
  7720 | D:10     | Noticed a two-headed ogre
  7740 | D:10     | Killed an orb spider
  7984 | D:10     | Killed a two-headed ogre
  7984 | D:10     | Reached skill level 11 in Unarmed Combat
  8144 | D:11     | Noticed a cyclops
  8146 | D:11     | Noticed Erica
  8155 | D:11     | Hit by a large rock thrown by a cyclops
  8156 | D:11     | Reached XP level 8. HP: -19/36 MP: 9/9
  8337 | D:10     | Noticed Fannar
  8338 | D:10     | Killed Fannar
  8338 | D:10     | Reached XP level 9. HP: 39/39 MP: 10/10
  8350 | D:10     | Noticed a troll
  8357 | D:10     | Killed a troll
  8358 | D:10     | Noticed a troll
  8365 | D:10     | Killed a troll
  8468 | D:10     | Found Tidez's Weapon Emporium.
  8484 | D:10     | Reached skill level 10 in Stealth
  8484 | D:10     | Reached skill level 12 in Unarmed Combat
  9177 | D:9      | Reached XP level 10. HP: 26/43 MP: 11/11
  9833 | D:9      | Slain by a hound
  9834 | D:9      | Reached XP level 9. HP: 0/39 MP: 10/10
  9859 | D:9      | Reached ***** piety under Trog
 10058 | D:9      | Found a blossoming altar of Fedhas.
 10443 | Orc:1    | Entered Level 1 of the Orcish Mines
 10496 | Orc:1    | Noticed a stone giant
 11384 | D:10     | Found Ilumuraoff's Antique Weapon Shop.
 11400 | D:10     | Found Kafoix's Jewellery Emporium.
 11522 | D:10     | Bought the ring of Xoikec {*Tele rN++} for 375 gold pieces
 11547 | D:10     | Reached skill level 13 in Unarmed Combat
 11965 | D:11     | Reached XP level 10. HP: 40/43 MP: 11/11
 12296 | D:11     | Noticed Josephine
 12303 | D:11     | Killed Josephine
 12405 | D:11     | Noticed a red ugly thing
 12424 | D:11     | Noticed a cyclops
 12426 | D:11     | Mangled by a red ugly thing

Skill      XL: |  1  2  3  4  5  6  7  8  9 10 |
---------------+-------------------------------+-----
Stealth        | 1 2 3 4 5 7 10 11 | 11.5
Dodging        | 5 6 7 9 |  9.9
Unarmed Combat | 4 5 7 8 9 13 | 13.5
Fighting       | 4 |  4.9

Action                   |  1- 3 |  4- 6 |  7- 9 | 10-12 || total
-------------------------+-------+-------+-------+-------++-------
Melee: Unarmed           |    76 |   138 |   425 |    78 ||   717
       Bite              |     8 |    13 |    42 |    11 ||    74
       Punch             |       |     8 |    19 |     6 ||    33
Invok: Berserk           |     4 |     9 |    16 |     2 ||    31
       Brothers in Arms  |       |       |     3 |       ||     3
  Use: Scroll            |       |       |     3 |       ||     3
       Potion            |       |       |     1 |       ||     1
 Stab: Sleeping          |     2 |     3 |    24 |     1 ||    30
       Distracted        |       |     1 |     2 |       ||     3
  Eat: Chunk             |     3 |    23 |    35 |     1 ||    62
       Ration            |       |       |     1 |       ||     1
Armor: Skin              |     1 |     2 |    15 |     1 ||    19
Dodge: Dodged            |    68 |    94 |   315 |    48 ||   525
